 Dungeon Crawl Stone Soup version 0.30.0 (webtiles) character file.

Game seed: 4930844155643423471

74 Ayyar the Slasher (level 4, 0/34 HPs)
             Began as a Gnoll Reaver on May 10, 2023.
             Was a Follower of Hepliaklqana.
             Succumbed to Crazy Yiuf's poison
             ... on level 2 of the Dungeon.
             The game lasted 00:04:55 (1966 turns).

Ayyar the Slasher (Gnoll Reaver)                    Turns: 1966, Time: 00:04:55

Health: 0/34       AC:  7    Str: 13    XL:     4   Next: 30%
Magic:  11/11      EV: 12    Int: 13    God:    Hepliaklqana [*.....]
Gold:   94         SH:  0    Dex: 10    Spells: 12/13 levels left

rFire   . . .        a - +0 falchion
rCold   . . .        (no shield)
rNeg    . . .        b - +0 leather armour
rPois   .            f - +0 helmet
rElec   .            e - +2 cloak
rCorr   .            (no gloves)
SInv    .            (no boots)
Will    .....        (no amulet)
Stlth   +            (no ring)
HPRegen 0.25/turn    (no ring)
MPRegen 0.12/turn

%: no passive effects
@: lethally poisoned (0 -> -9)
A: reduced essence, fangs 1, strong nose, distributed training
a: Renounce Religion, Recall Ancestor, Ancestor Identity


You were on level 2 of the Dungeon.
You worshipped Hepliaklqana.
Hepliaklqana was aware of your devotion.
You visited 1 branch of the dungeon, and saw 2 of its levels.

You collected 94 gold pieces.

Inventory:

Hand Weapons
 a - a +0 falchion (weapon)
Armour
 b - a +0 leather armour (worn)
 e - a +2 cloak (worn)
 f - a +0 helmet (worn)
Scrolls
 c - 2 scrolls of teleportation {unknown}
 d - a scroll of acquirement {unknown}
 g - 2 scrolls of identify {unknown}
 i - a scroll of fear {unknown}
 j - a scroll of enchant weapon {unknown}
Potions
 h - a potion of heal wounds {unknown}


   Skills:
 + Level 4.6 Fighting
 + Level 1.1 Short Blades
 + Level 6.6 Long Blades
 + Level 1.1 Axes
 + Level 1.1 Maces & Flails
 + Level 1.1 Polearms
 + Level 1.1 Staves
 + Level 1.1 Ranged Weapons
 + Level 1.1 Throwing
 + Level 1.1 Armour
 + Level 4.6 Dodging
 + Level 1.1 Stealth
 + Level 1.1 Shields
 + Level 1.1 Unarmed Combat
 + Level 5.1 Spellcasting
 + Level 5.4 Conjurations
 + Level 0.9 Hexes
 + Level 0.9 Summonings
 + Level 0.9 Necromancy
 + Level 0.9 Translocations
 + Level 0.9 Transmutations
 + Level 0.9 Fire Magic
 + Level 0.9 Ice Magic
 + Level 0.9 Air Magic
 + Level 0.9 Earth Magic
 + Level 0.9 Poison Magic
 + Level 1.2 Invocations
 + Level 1.1 Evocations


You had 12 spell levels left.
You knew the following spells:

 Your Spells              Type           Power      Damage    Failure   Level
a - Kiss of Death         Conj/Necr      44%        2d8       6%          1

Your spell library contained the following spells:

 Spells                   Type           Power      Damage    Failure   Level
 Momentum Strike          Conj/Tloc      22%        3d8       10%         2
 Slow                     Hex            20%        N/A       16%         1
 Hailstorm                Conj/Ice       11%        3d5       19%         3
 Ensorcelled Hibernation  Hex/Ice        10%        N/A       24%         2
 Passwall                 Tmut/Erth      4%         N/A       24%         2
 Confusing Touch          Hex            5%         N/A       43%         3
 Swiftness                Air            5%         N/A       43%         3
 Vampiric Draining        Necr           5%         2d6       43%         3


Dungeon Overview and Level Annotations

Branches:
Dungeon (2/15)

Altars:
Hepliaklqana

Annotations:
D:2 Crazy Yiuf


Innate Abilities, Weirdness & Mutations

Your life essence is reduced to manifest your ancestor. (-10% HP)
You have very sharp teeth.
Your uncanny sense of smell can sniff out nearby items.
Your experience applies equally to all skills.


Message History

The kobold barely misses you.
You hit the kobold.
You kill the kobold!
No target in view!
You swap places.
You swap places.
The great orb of eyes turns its gaze towards you.
The great orb of eyes turns its gaze towards you.
There is an open door here.
You open the door.
There is an open door here.
Crazy Yiuf shouts!
Crazy Yiuf screams, "Prologue sizzlefizz fast!"
You open the door.
Crazy Yiuf grits, "Iron!"
You closely miss Crazy Yiuf. Crazy Yiuf hits you but does no damage.
You closely miss Crazy Yiuf. You bite Crazy Yiuf.
Crazy Yiuf is lightly wounded.
Crazy Yiuf hits you with a +2 quarterstaff of chaos!
You are poisoned.
You hit Crazy Yiuf but do no damage.
Crazy Yiuf is lightly wounded.
You feel very sick.
Crazy Yiuf hits you with a +2 quarterstaff of chaos!
Crazy Yiuf burns you.
* * * LOW HITPOINT WARNING * * *
You closely miss Crazy Yiuf.
Crazy Yiuf is lightly wounded.
* * * LOW HITPOINT WARNING * * *
You feel very sick.
Crazy Yiuf hits you with a +2 quarterstaff of chaos.
* * * LOW HITPOINT WARNING * * *
You resist with some effort.
You swap places.
* * * LOW HITPOINT WARNING * * *
You feel very sick.
Arif hits Crazy Yiuf.
Crazy Yiuf hits Arif with a +2 quarterstaff of chaos!
Crazy Yiuf freezes Arif.
You die...

#.###............................
#...#............................
#.#.#.....####################'##
†.#...#'### #.# #.###.#...#
#####.## ..........##♣♣ ###
#....... #.###........♣♣ ♣♣#..)#
#####.## ..# ####......♣♣♣♣Rg...#
#.....# ..# ##......♣@.♣#...#
####### ..# ##....♣.♣♣♣ ###
#....### ..# ###♣♣♣♣♣ #.(.....
### #......< ##########
####....... #........#
#.###...... #....†...# #.#
#.####. #........# #.# #.#....
#........## #.###.#.##.


You could see the friendly Arif the ancestor and Crazy Yiuf (ally target).

Vanquished Creatures
  Jessica (D:2)
  A worm (D:2)
  2 dart slugs
  7 bats
  An endoplasm (D:1)
  4 giant cockroaches
  A goblin (D:1)
  7 hobgoblins
  2 quokkas (D:2)
  3 ball pythons (D:2)
  5 frilled lizards
  5 kobolds
  4 rats
43 creatures vanquished.

Notes
Turn   | Place    | Note
-------+----------+-------------------------------------------
     0 | D:1      | Ayyar the Gnoll Reaver began the quest for the Orb.
     0 | D:1      | Reached XP level 1. HP: 20/20 MP: 6/6
   123 | D:1      | Reached XP level 2. HP: 24/24 MP: 7/7
   206 | D:1      | You fall into a shaft and drop 1 floor!
   206 | D:2      | Found a hazy altar of Hepliaklqana.
   208 | D:2      | Became a worshipper of Hepliaklqana the Forgotten
   289 | D:2      | Noticed a great orb of eyes
   292 | D:2      | Noticed Jessica
   294 | D:2      | Noticed a great orb of eyes
   301 | D:2      | Found a faded altar of an unknown god.
   302 | D:2      | Noticed a floating eye
   302 | D:2      | Noticed a shining eye
   304 | D:2      | Killed Jessica
   305 | D:2      | Reached skill level 5 in Spellcasting
   305 | D:2      | Reached skill level 1 in Invocations
   305 | D:2      | Reached XP level 3. HP: 23/31 MP: 7/9
   495 | D:2      | Found a runed translucent door.
   496 | D:2      | Noticed Crazy Yiuf
   650 | D:2      | Reached skill level 1 in Short Blades
   650 | D:2      | Reached skill level 1 in Axes
   650 | D:2      | Reached skill level 1 in Maces & Flails
   650 | D:2      | Reached skill level 1 in Polearms
   650 | D:2      | Reached skill level 1 in Staves
   650 | D:2      | Reached skill level 1 in Ranged Weapons
   650 | D:2      | Reached skill level 1 in Throwing
   650 | D:2      | Reached skill level 1 in Armour
   650 | D:2      | Reached skill level 1 in Stealth
   650 | D:2      | Reached skill level 1 in Shields
   650 | D:2      | Reached skill level 1 in Unarmed Combat
   650 | D:2      | Reached skill level 1 in Evocations
  1217 | D:1      | Reached XP level 4. HP: 37/38 MP: 11/11
  1591 | D:2      | Reached * piety under Hepliaklqana
  1965 | D:2      | HP: 1/34 [poisoned by Crazy Yiuf]
  1966 | D:2      | Succumbed to Crazy Yiuf's poison

Illustrated notes

Levels and vault maps discovered:
D:1:      minmay_arrival_four_circles, layout_loops_ring, minmay_door_square
D:2:      layout_basic, basic_altar, hellmonk_ecumenical_altar_watching_god,
          minmay_vboxes, uniq_crazy_yiuf_cottage, uniq_jessica

Skill      XL: |  1  2  3 |
---------------+----------+-----
Spellcasting   | 5 |  5.1
Invocations    | 1 |  1.2
Short Blades   | 1 |  1.1
Axes           | 1 |  1.1
Maces & Flails | 1 |  1.1
Polearms       | 1 |  1.1
Staves         | 1 |  1.1
Ranged Weapons | 1 |  1.1
Throwing       | 1 |  1.1
Armour         | 1 |  1.1
Stealth        | 1 |  1.1
Shields        | 1 |  1.1
Unarmed Combat | 1 |  1.1
Evocations     | 1 |  1.1
Fighting       | |  4.6
Long Blades    | |  6.6
Dodging        | |  4.6
Conjurations   | |  5.4
Hexes          | |  0.9
Summonings     | |  0.9
Necromancy     | |  0.9
Translocations | |  0.9
Transmutations | |  0.9
Fire Magic     | |  0.9
Ice Magic      | |  0.9
Air Magic      | |  0.9
Earth Magic    | |  0.9
Poison Magic   | |  0.9

Action                     |  1- 3 |  4- 6 || total
---------------------------+-------+-------++-------
  Melee: Falchion          |    90 |    61 ||   151
         Bite              |     6 |     6 ||    12
         Punch             |     2 |       ||     2
   Cast: Kiss of Death     |     1 |       ||     1
 Armour: Leather armour    |    27 |    25 ||    52
  Dodge: Dodged            |    46 |    26 ||    72
